 Dungeon Crawl Stone Soup version 0.23.2 (webtiles) character file.

Game seed: 12840956475813704053

1170 Oninnaise the Covert (level 8, -2/55 HPs)
             Began as an Octopode Assassin on Apr 2, 2019.
             Slain by an orc wizard
             ... wielding a +0 dagger
              (3 damage)
             ... on level 4 of the Dungeon.
             The game lasted 00:14:43 (5076 turns).

Oninnaise the Covert (Octopode Assassin)            Turns: 5076, Time: 00:14:43

Health: -2/55      AC:  1    Str: 10    XL:     8   Next: 40%
Magic:  8/8        EV: 16    Int: 14    God:
Gold:   160        SH:  0    Dex: 15    Spells: 7/7 levels left

rFire    . . .     SeeInvis .   a - +3 dagger
rCold    . . .     Gourm    .   (no shield)
rNeg     . . .     Faith    .   (helmet restricted)
rPois    .         Spirit   .   (no amulet)
rElec    .         Reflect  .   (no ring)
rCorr    .         Harm     .   (no ring)
MR       .....                  (no ring)
Stlth    +++++.....             (no ring)
HPRegen  0.18/turn              (no ring)
MPRegen  0.11/turn              (no ring)
                                (no ring)
                                (no ring)

@: hasted, very quick
A: almost no armour, stealthy swim, amphibious, 8 rings, constrict 8, camouflage
1, gelatinous body 1
a: no special abilities


You were on level 4 of the Dungeon.
You were not hungry.

You visited 1 branch of the dungeon, and saw 5 of its levels.
You also visited: Sewer.

You collected 160 gold pieces.

Inventory:

Hand Weapons
 a - a +3 dagger (weapon)
 b - a +0 blowgun
 g - a +1 mace of protection
 o - the cursed +3 flail of the Elven Halls {crush, rF+, unknown}
   (You found it in a sewer)

   It inflicts extra damage upon your enemies.
   It protects you from fire.
   It has a curse placed upon it.
Missiles
 c - 29 poisoned needles (quivered)
 d - 2 curare-tipped needles
Jewellery
 j - an uncursed ring of ice {unknown}
Wands
 m - a wand of flame (11)
Scrolls
 e - 2 scrolls of remove curse
 i - 3 scrolls of magic mapping
Potions
 p - a potion of haste
Comestibles
 f - 3 rations


   Skills:
 * Level 5.3 Fighting
 + Level 3.8 Short Blades
 + Level 3.7 Throwing
 * Level 4.8 Dodging
 * Level 8.7 Stealth


You had 7 spell levels left.
You didn't know any spells.
Your spell library was empty.

Dungeon Overview and Level Annotations

Branches:
Dungeon (5/15)
 Temple: D:4-7

Altars:
Okawaru


Innate Abilities, Weirdness & Mutations

You cannot wear most types of armour.
You are very stealthy in the water. (Stealth+)
You are amphibious.
You can wear up to eight rings at the same time.
You can use your tentacles to constrict eight enemies at once.
Your skin changes colour to match your surroundings (Stealth+).
Your rubbery body absorbs attacks. (AC +1, EV +1)


Message History

You hear some strange, mumbled words.
A puff of flame appears from out of thin air!
The puff of flame hits you! Something hits you.
* * * LOW HITPOINT WARNING * * *
Okay, then.
You feel yourself speed up. Something closely misses you.
A magic dart appears from out of thin air!
The magic dart hits you.
* * * LOW HITPOINT WARNING * * *
Found 20 stones.
Found a scale mail and 12 gold pieces.
An orc wizard appears from thin air!
Reactivating autopickup.
The orc wizard casts a spell at you. The puff of flame hits you!
* * * LOW HITPOINT WARNING * * *
You miss the orc wizard. Your grab misses the orc wizard.
The orc wizard is severely wounded.
The orc wizard hits you with a +0 dagger.
You die...

......# ##....### #..[
......## ##.......###....
.......#######..[............
..#..........†..##..........#
................####.......#
............#....####......#
.................##..........
.....##..............###.....
.#####..####....@o.### .(.. #
#..# #####.### ... #.## #.#
.. #. #.# $ .# ###


You could see an orc wizard.

Vanquished Creatures
  Pikel (D:4)
  Grinder (Sewer)
  2 slaves (D:4)
  A necrophage (Sewer)
  2 big kobolds (Sewer)
  A howler monkey (D:4)
  Jessica (D:2)
  2 big kobold zombies (Sewer)
  A hound skeleton (D:4)
  A river rat (D:3)
  4 adders (D:3)
  3 shadow imps (Sewer)
  3 ufetubi (Sewer)
  3 oozes
  2 worms (D:3)
  2 dart slugs
  5 leopard geckos
  4 orcs
  3 bats
  3 giant cockroaches
  7 goblins
  4 hobgoblins
  4 jackals
  A ball python (Sewer)
  2 frilled lizards
  20 kobolds
  4 kobold zombies (Sewer)
  7 rats
94 creatures vanquished.

Notes
Turn   | Place    | Note
-------+----------+-------------------------------------------
     0 | D:1      | Oninnaise the Octopode Assassin began the quest for the
                  | Orb.
     0 | D:1      | Reached XP level 1. HP: 14/14 MP: 1/1
   338 | D:1      | Reached XP level 2. HP: 19/19 MP: 2/2
   654 | D:1      | You fall through a shaft!
   771 | D:2      | Found a faded altar of an unknown god.
  1020 | D:2      | Reached XP level 3. HP: 25/25 MP: 3/3
  1046 | D:2      | Found an iron altar of Okawaru.
  1272 | D:2      | Noticed Jessica
  1281 | D:2      | Killed Jessica
  1533 | D:3      | Reached XP level 4. HP: 26/30 MP: 4/4
  1580 | D:3      | Reached skill level 6 in Stealth
  1585 | D:3      | Found a glowing drain.
  1589 | Sewer    | Entered a sewer
  2023 | Sewer    | Found an ancient bone altar of Kikubaaqudgha.
  2023 | Sewer    | Noticed a big kobold
  2050 | Sewer    | Killed a big kobold
  2050 | Sewer    | Reached XP level 5. HP: 15/36 MP: 5/5
  2510 | Sewer    | Noticed Grinder
  2525 | Sewer    | Noticed a necrophage
  2539 | Sewer    | Killed a necrophage
  2539 | Sewer    | Reached XP level 6. HP: 37/42 MP: 6/6
  2634 | Sewer    | Got a bloodstained flail
  2659 | Sewer    | Paralysed by Grinder for 3 turns
  3106 | Sewer    | Paralysed by Grinder for 4 turns
  3132 | Sewer    | Killed Grinder
  3132 | Sewer    | Reached skill level 7 in Stealth
  3132 | Sewer    | Reached XP level 7. HP: 11/47 MP: 7/7
  4766 | D:5      | Entered Level 5 of the Dungeon
  4766 | D:5      | Noticed a hippogriff
  4927 | D:4      | Noticed Pikel
  4955 | D:4      | Killed Pikel
  4955 | D:4      | Reached skill level 5 in Fighting
  4955 | D:4      | Reached skill level 8 in Stealth
  4955 | D:4      | Reached XP level 8. HP: 43/55 MP: 8/8
  5074 | D:4      | HP: 1/55 [orc wizard/puff of flame (10)]
  5076 | D:4      | Slain by an orc wizard

Skill      XL: |  1  2  3  4  5  6  7 |
---------------+----------------------+-----
Dodging        | 2 3 4 |  4.8
Stealth        | 6 7 8 |  8.7
Fighting       | 3 4 5 |  5.3
Short Blades   | 3 |  3.8
Throwing       | 3 |  3.7

Action                   |  1- 3 |  4- 6 |  7- 9 || total
-------------------------+-------+-------+-------++-------
Melee: Dagger            |    50 |   101 |    98 ||   249
       Constrict         |     8 |    18 |    15 ||    41
       Tentacles         |     6 |    20 |    13 ||    39
       Mace              |     3 |       |       ||     3
 Fire: Blowgun           |       |       |     1 ||     1
  Use: Scroll            |     6 |     3 |     4 ||    13
       Potion            |     4 |       |     6 ||    10
 Stab: Sleeping          |    11 |     7 |    10 ||    28
       Distracted        |       |       |     1 ||     1
  Eat: Ration            |     1 |     1 |     2 ||     4
Armor: Skin              |     1 |     4 |     6 ||    11
Dodge: Dodged            |    32 |    59 |    51 ||   142
